Map: Ever Dream LE

Players

자유의날개 - Winner!

  • Race: Terran Terran
  • League: Silver
  • Spawn Location: 7:00

JohnnyV

  • Race: Terran Terran
  • League: Silver
  • Spawn Location: 1:00

VOD

Have the link to the VOD?

Description

Time

  • Played on: May 19, 2020, 10:34 a.m.
  • Length: 7:37
Show
View Real Time Build Order
Export as new Build Order

자유의날개 Terran - Winner!

Build Orders: Liberator Opening 

Get SALT Encoding   

  12  0:01  SCV  
  13  0:13  SCV  
  14  0:20  Supply Depot  
  14  0:27  SCV  
  15  0:42  SCV  
  16  0:44  Barracks  
  16  0:48  Refinery  
  16  0:54  SCV  
  17  1:07  SCV  
  18  1:19  SCV  
  19  1:26  Refinery  
  19  1:32  Marine  
  20  1:35  SCV  
  21  1:58  Command Center  
  21  1:59  SCV  
  22  2:05  Factory  
  22  2:12  SCV  
  23  2:25  Orbital Command  
  23  2:29  Supply Depot  
  23  2:44  Engineering Bay  
  23  2:50  Marine  
  24  2:51  Factory Tech Lab  
  24  3:02  Starport  
  24  3:08  Marine  
  25  3:18  Bunker  
  25  3:26  Marine  
  26  3:29  Siege Tank  
  27  3:44  Marine  
  26  3:52  Liberator  
  28  4:01  Marine  
  28  4:19  Marine  
  28  4:20  Siege Tank  
  32  4:35  SCV  
  33  4:39  Missile Turret  
  33  4:52  Siege Tank  
  36  5:02  Starport Reactor  
  36  5:16  Marine  
  37  5:24  Siege Tank  
  37  5:27  Terran Infantry Weapons Level 1  
  39  5:28  Armory  
  39  5:34  Marine  
  40  5:43  SCV  
  40  5:48  Refinery  
  41  5:52  Medivac  
  41  5:53  Marine  
  41  5:55  SCV  
  45  6:04  Supply Depot  
  45  6:07  SCV  
  46  6:19  Refinery  
  46  6:26  SCV x2, Medivac, Marine  
  46  6:30  Supply Depot  
  51  6:36  Supply Depot, Siege Tank  
  54  6:51  SCV, Marine  
  56  6:55  SCV  
  57  7:03  SCV  
  57  7:07  SCV  
  59  7:09  Marine  
  56  7:15  SCV  
Show
View Real Time Build Order
Export as new Build Order

JohnnyV Terran 

Build Orders:  

Get SALT Encoding   

  12  0:01  SCV  
  13  0:16  Supply Depot  
  13  0:29  SCV  
  14  0:41  SCV  
  14  0:42  Supply Depot  
  15  0:49  Supply Depot  
  15  0:58  Barracks  
  15  1:16  Barracks  
  15  1:21  SCV  
  16  1:27  Refinery  
  16  1:33  SCV  
  17  1:45  SCV  
  18  1:47  Marine  
  19  1:57  SCV  
  20  2:04  Marine  
  20  2:06  Marine  
  22  2:09  SCV  
  23  2:22  SCV, Marine  
  25  2:24  Marine  
  26  2:40  Marine  
  26  2:42  Marine  
  28  2:50  Bunker  
  28  2:55  Bunker  
  28  2:57  Marine  
  29  3:00  SCV, Marine  
  31  3:13  SCV  
  31  3:15  Marine  
  31  3:17  Marine  
  34  3:25  SCV  
  35  3:29  Bunker  
  35  3:33  Marine  
  36  3:35  Marine  
  36  3:37  SCV  
  37  3:51  Marine  
  37  3:53  Marine  
  31  4:30  Factory  
  29  5:03  Orbital Command  
  29  5:06  Refinery  
  29  5:19  Bunker  
  29  5:25  Factory Tech Lab  
  29  5:31  Command Center  
  29  5:45  Siege Tank  
  32  5:56  Refinery  
  32  5:58  Refinery  
  32  6:04  Barracks Reactor  
  32  6:06  Barracks Reactor  
  32  6:12  Engineering Bay  
  32  6:31  Starport  
  32  6:33  Armory  
  32  6:41  SCV  
  32  6:43  Siege Tank  
  32  6:44  Starport  
  32  6:46  Marine x4  
  40  6:51  Orbital Command  
  40  6:57  SCV  
  41  7:01  Supply Depot  
  41  7:04  Marine x3  
  41  7:05  Marine  
  45  7:09  SCV  
Tags
 
Add a new tag
Caveats
  • Supply blocks, unpowered buildings, or Contaminate may cause inaccurate times.
  • Supply counts are checked every 10 seconds.